[ PARTIDA AOE2 · #487566289 ]
UnrankedBohemios vs Spanish
Equipo del jugador · DERR
Equipo rival · VICT
[ ANÁLISIS DE REPETICIÓN · EXTRAÍDO DE LA PARTIDA GRABADA ]
Feudal
11:38
Castillos
16:53
Imperial
32:29
| APM promedio | 20.2 |
| APM pico | 92 |
| eAPM promedio | 13.9 |
| Aldeanos / militares | 132 / 112 |
Foco
⚔️ 25.2% · 🌾 74.8%
Skirmisher ×45 · Hand Cannoneer ×37 · Archer ×19 · Bombard Cannon ×5 · Trebuchet (Packed) ×3 · Hussite Wagon ×2
Feudal
11:41
Castillos
15:11
Imperial
35:20
| APM promedio | 21.7 |
| APM pico | 47 |
| eAPM promedio | 14.1 |
| Aldeanos / militares | 131 / 109 |
Foco
⚔️ 22.0% · 🌾 78.0%
Knight ×82 · Conquistador ×13 · Bombard Cannon ×11 · Missionary ×3
Mapa de la partida
Recursos iniciales + cada clic de construcción. Líneas = muros · curvas = relieve. ◆ oro · ⬟ piedra · ● bayas · ✦ reliquia · ◌ hueco del cierre
Tu base· ✓ Cerrada en 16:53 · 0t muro · 2 puerta(s)
Base de _relyt_· ✓ Cerrada en 15:11 · 0t muro · 3 puerta(s)
Terreno inicial suavizado · ◌ = hueco del cierre detectado · pasá el cursor para detalles
Inputs por minuto
— m3rcutio - - _relyt_
Build order — m3rcutio
Primeras 150 de 334 acciones detectadas
| 0:01 | Crear | Villager (Male) |
| 0:02 | Crear | Villager (Male) |
| 0:02 | Crear | Villager (Male) |
| 0:02 | Crear | Villager (Male) |
| 0:02 | Crear | Villager (Male) |
| 0:04 | Construir | House |
| 0:06 | Construir | House |
| 1:31 | Crear | Villager (Male) |
| 2:04 | Crear | Villager (Male) |
| 2:04 | Crear | Villager (Male) |
| 2:14 | Construir | Lumber Camp |
| 2:31 | Crear | Villager (Male) |
| 2:31 | Crear | Villager (Male) |
| 2:53 | Crear | Villager (Male) |
| 2:54 | Investigar | Loom |
| 3:23 | Crear | Villager (Male) |
| 3:38 | Crear | Villager (Male) |
| 3:38 | Crear | Villager (Male) |
| 4:17 | Construir | House |
| 4:19 | Construir | House |
| 4:31 | Crear | Villager (Male) |
| 4:31 | Crear | Villager (Male) |
| 4:45 | Construir | Mill |
| 5:20 | Crear | Villager (Male) |
| 5:20 | Crear | Villager (Male) |
| 6:03 | Crear | Villager (Male) |
| 6:04 | Crear | Villager (Male) |
| 6:04 | Crear | Villager (Male) |
| 6:04 | Crear | Villager (Male) |
| 6:04 | Crear | Villager (Male) |
| 6:47 | Construir | Mill |
| 6:52 | Crear | Villager (Male) |
| 6:52 | Crear | Villager (Male) |
| 6:53 | Crear | Villager (Male) |
| 7:45 | Crear | Villager (Male) |
| 8:05 | Construir | Farm |
| 8:08 | Crear | Villager (Male) |
| 8:18 | Construir | Farm |
| 8:37 | Construir | Farm |
| 8:44 | Construir | Lumber Camp |
| 9:03 | Construir | Farm |
| 9:19 | Construir | House |
| 9:28 | Investigar | Feudal Age |
| 11:38 | Edad | Edad Feudal |
| 11:39 | Crear | Villager (Male) |
| 11:40 | Crear | Villager (Male) |
| 11:40 | Crear | Villager (Male) |
| 11:40 | Crear | Villager (Male) |
| 11:48 | Construir | Blacksmith |
| 11:55 | Construir | Market |
| 12:01 | Construir | Mining Camp |
| 12:39 | Investigar | Wheelbarrow |
| 14:13 | Investigar | Castle Age |
| 14:17 | Investigar | Double-Bit Axe |
| 14:20 | Investigar | Horse Collar |
| 14:38 | Construir | Mining Camp |
| 15:52 | Construir | Barracks |
| 16:53 | Edad | Edad de los Castillos |
| 16:57 | Crear | Villager (Male) |
| 16:57 | Crear | Villager (Male) |
| 16:57 | Crear | Villager (Male) |
| 17:07 | Construir | Archery Range |
| 17:13 | Crear | Spearman |
| 17:18 | Crear | Villager (Male) |
| 17:34 | Construir | House |
| 17:35 | Construir | House |
| 17:48 | Construir | House |
| 17:49 | Construir | House |
| 18:09 | Construir | Lumber Camp |
| 18:28 | Construir | Siege Workshop |
| 18:42 | Construir | Archery Range |
| 18:50 | Crear | Skirmisher |
| 18:50 | Crear | Skirmisher |
| 18:50 | Crear | Skirmisher |
| 19:15 | Construir | Castle |
| 19:25 | Construir | House |
| 19:26 | Construir | House |
| 19:28 | Construir | House |
| 19:36 | Crear | Villager (Male) |
| 19:36 | Crear | Villager (Male) |
| 19:36 | Crear | Villager (Male) |
| 19:37 | Crear | Villager (Male) |
| 19:49 | Investigar | Fletching |
| 19:52 | Crear | Skirmisher ×5 |
| 19:58 | Crear | Villager (Male) |
| 19:58 | Crear | Villager (Male) |
| 19:58 | Crear | Villager (Male) |
| 19:58 | Crear | Villager (Male) |
| 19:59 | Crear | Villager (Male) |
| 20:11 | Construir | Stone Wall |
| 20:15 | Crear | Villager (Male) |
| 20:15 | Crear | Villager (Male) |
| 20:26 | Crear | Skirmisher |
| 21:32 | Investigar | Town Watch |
| 22:03 | Crear | Villager (Male) |
| 22:15 | Construir | Town Center |
| 22:20 | Construir | Farm |
| 22:45 | Crear | Skirmisher |
| 22:45 | Crear | Skirmisher |
| 22:45 | Crear | Skirmisher |
| 22:45 | Crear | Skirmisher |
| 22:45 | Crear | Skirmisher |
| 22:58 | Construir | Farm |
| 23:12 | Construir | Market |
| 23:15 | Crear | Skirmisher |
| 23:16 | Crear | Skirmisher |
| 23:31 | Construir | Farm |
| 23:50 | Crear | Villager (Male) |
| 23:50 | Crear | Villager (Male) |
| 23:50 | Crear | Villager (Male) |
| 23:50 | Crear | Villager (Male) |
| 23:51 | Crear | Villager (Male) |
| 23:51 | Crear | Villager (Male) |
| 24:14 | Construir | Farm |
| 24:15 | Construir | Farm |
| 24:15 | Construir | Farm |
| 24:16 | Construir | Farm |
| 24:17 | Construir | Farm |
| 24:19 | Construir | Farm |
| 24:24 | Crear | Villager (Male) |
| 24:24 | Crear | Villager (Male) |
| 24:26 | Crear | Villager (Male) |
| 24:26 | Crear | Villager (Male) |
| 24:50 | Crear | Villager (Male) |
| 24:50 | Crear | Villager (Male) |
| 24:50 | Crear | Villager (Male) |
| 24:50 | Crear | Villager (Male) |
| 24:51 | Crear | Villager (Male) |
| 24:51 | Crear | Villager (Male) |
| 24:51 | Crear | Villager (Male) |
| 24:51 | Crear | Villager (Male) |
| 24:52 | Crear | Villager (Male) |
| 24:52 | Crear | Villager (Male) |
| 24:52 | Crear | Villager (Male) |
| 24:52 | Crear | Villager (Male) |
| 25:09 | Investigar | Bow Saw |
| 25:15 | Construir | Lumber Camp |
| 25:25 | Crear | Skirmisher |
| 25:25 | Crear | Skirmisher |
| 25:25 | Crear | Skirmisher |
| 25:26 | Crear | Skirmisher |
| 25:49 | Crear | Villager (Male) |
| 25:50 | Crear | Villager (Male) |
| 25:50 | Crear | Villager (Male) |
| 25:50 | Crear | Villager (Male) |
| 26:03 | Construir | Farm |
| 26:19 | Crear | Villager (Male) |
| 26:20 | Crear | Villager (Male) |
| 26:20 | Crear | Villager (Male) |
| 26:29 | Construir | Lumber Camp |
Build order — _relyt_
Primeras 150 de 351 acciones detectadas
| 0:02 | Crear | Villager (Male) |
| 0:03 | Construir | House |
| 0:05 | Construir | House |
| 0:16 | Crear | Villager (Male) |
| 0:17 | Crear | Villager (Male) |
| 0:17 | Crear | Villager (Male) |
| 1:42 | Crear | Villager (Male) |
| 1:54 | Construir | Lumber Camp |
| 1:56 | Crear | Villager (Male) |
| 2:16 | Crear | Villager (Male) |
| 2:46 | Crear | Villager (Male) |
| 3:12 | Crear | Villager (Male) |
| 3:28 | Construir | House |
| 3:34 | Crear | Villager (Male) |
| 4:00 | Crear | Villager (Male) |
| 4:22 | Construir | Mill |
| 4:28 | Crear | Villager (Male) |
| 4:49 | Crear | Villager (Male) |
| 5:22 | Crear | Villager (Male) |
| 5:43 | Crear | Villager (Male) |
| 6:10 | Construir | Mill |
| 6:26 | Crear | Villager (Male) |
| 6:39 | Crear | Villager (Male) |
| 6:48 | Construir | House |
| 6:52 | Construir | House |
| 7:00 | Investigar | Loom |
| 7:01 | Crear | Villager (Male) |
| 7:22 | Crear | Villager (Male) |
| 7:49 | Crear | Villager (Male) |
| 7:50 | Crear | Villager (Male) |
| 8:20 | Crear | Villager (Male) |
| 8:45 | Investigar | Feudal Age |
| 8:46 | Crear | Villager (Male) |
| 8:47 | Crear | Villager (Male) |
| 9:23 | Construir | Mining Camp |
| 9:50 | Construir | Mining Camp |
| 11:41 | Edad | Edad Feudal |
| 11:45 | Construir | Market |
| 11:53 | Construir | Blacksmith |
| 12:23 | Construir | House |
| 12:29 | Investigar | Castle Age |
| 13:46 | Crear | Villager (Male) |
| 13:51 | Investigar | Double-Bit Axe |
| 15:11 | Edad | Edad de los Castillos |
| 15:13 | Construir | Castle |
| 15:20 | Construir | Monastery |
| 15:34 | Crear | Villager (Male) |
| 15:35 | Crear | Villager (Male) |
| 15:44 | Crear | Missionary |
| 16:13 | Crear | Missionary |
| 16:22 | Construir | Mining Camp |
| 16:30 | Construir | Farm |
| 16:31 | Construir | Farm |
| 16:32 | Construir | Farm |
| 16:33 | Construir | Farm |
| 16:40 | Construir | Farm |
| 16:43 | Construir | Farm |
| 16:44 | Construir | Farm |
| 16:56 | Investigar | Fletching |
| 17:16 | Construir | Farm |
| 17:25 | Crear | Missionary |
| 17:40 | Crear | Conquistador |
| 17:45 | Crear | Villager (Male) |
| 17:45 | Crear | Villager (Male) |
| 17:50 | Construir | Farm |
| 17:59 | Construir | Farm |
| 18:05 | Construir | Farm |
| 18:33 | Crear | Conquistador |
| 18:36 | Crear | Conquistador |
| 18:50 | Crear | Villager (Male) |
| 18:53 | Construir | Farm |
| 19:00 | Investigar | Horse Collar |
| 19:04 | Construir | Farm |
| 19:16 | Crear | Conquistador |
| 19:22 | Crear | Conquistador |
| 19:29 | Crear | Villager (Male) |
| 19:33 | Construir | Farm |
| 19:42 | Crear | Villager (Male) |
| 20:00 | Crear | Conquistador |
| 20:02 | Crear | Villager (Male) |
| 20:06 | Crear | Conquistador |
| 20:10 | Construir | Farm |
| 20:27 | Crear | Villager (Male) |
| 20:38 | Construir | Farm |
| 20:48 | Crear | Villager (Male) |
| 20:50 | Crear | Conquistador |
| 21:03 | Crear | Conquistador |
| 21:19 | Crear | Conquistador |
| 21:32 | Construir | Barracks |
| 21:49 | Construir | House |
| 21:53 | Crear | Villager (Male) |
| 21:54 | Crear | Villager (Male) |
| 21:56 | Crear | Conquistador |
| 22:31 | Construir | Town Center |
| 22:36 | Crear | Villager (Male) |
| 22:43 | Crear | Conquistador |
| 22:49 | Crear | Villager (Male) |
| 22:55 | Construir | Stable |
| 23:04 | Crear | Villager (Male) |
| 23:07 | Crear | Villager (Male) |
| 23:25 | Construir | Farm |
| 23:26 | Construir | Farm |
| 23:31 | Construir | Farm |
| 23:32 | Crear | Villager (Male) |
| 23:39 | Construir | House |
| 23:41 | Construir | House |
| 23:43 | Construir | House |
| 23:49 | Construir | House |
| 24:06 | Investigar | Bow Saw |
| 24:14 | Investigar | Heavy Plow |
| 24:15 | Crear | Villager (Male) |
| 24:25 | Investigar | Padded Archer Armor |
| 24:40 | Investigar | Town Watch |
| 24:41 | Crear | Villager (Male) |
| 24:47 | Construir | Outpost |
| 24:50 | Crear | Villager (Male) |
| 25:09 | Construir | Lumber Camp |
| 25:14 | Construir | House |
| 25:15 | Construir | House |
| 25:16 | Construir | House |
| 25:21 | Crear | Villager (Male) |
| 25:29 | Crear | Villager (Male) |
| 25:35 | Crear | Conquistador |
| 25:42 | Crear | Villager (Male) |
| 25:58 | Construir | Town Center |
| 26:21 | Construir | Town Center |
| 26:27 | Crear | Villager (Male) |
| 26:28 | Investigar | Wheelbarrow |
| 26:36 | Investigar | Bloodlines |
| 26:36 | Investigar | Husbandry |
| 26:45 | Crear | Villager (Male) |
| 26:52 | Construir | Farm |
| 26:58 | Construir | Farm |
| 27:03 | Construir | Farm |
| 27:07 | Construir | Mill |
| 27:12 | Construir | Farm |
| 27:17 | Construir | Farm |
| 27:23 | Construir | Farm |
| 27:24 | Crear | Villager (Male) |
| 27:26 | Crear | Villager (Male) |
| 27:28 | Crear | Villager (Male) |
| 27:55 | Construir | Town Center |
| 27:59 | Crear | Villager (Male) |
| 28:03 | Construir | Farm |
| 28:05 | Construir | Farm |
| 28:08 | Construir | Farm |
| 28:10 | Construir | Farm |
| 28:11 | Crear | Villager (Male) |
| 28:13 | Crear | Villager (Male) |
| 28:18 | Construir | Farm |
Cronología de la partida
| 11:38 | m3rcutio · age_up feudal |
| 11:41 | _relyt_ · age_up feudal |
| 15:11 | _relyt_ · age_up castle |
| 15:13 | _relyt_ · first_building Castle |
| 15:20 | _relyt_ · first_building Monastery |
| 15:52 | m3rcutio · first_building Barracks |
| 16:53 | m3rcutio · age_up castle |
| 17:04 | _relyt_ · first_market_sell 100 stone |
| 17:07 | m3rcutio · first_building Archery Range |
| 17:44 | _relyt_ · first_market_buy 100 food |
| 18:28 | m3rcutio · first_building Siege Workshop |
| 19:15 | m3rcutio · first_building Castle |
| 20:11 | m3rcutio · wall_segment Stone Wall x4 |
| 21:32 | _relyt_ · first_building Barracks |
| 22:55 | _relyt_ · first_building Stable |
| 23:02 | m3rcutio · first_market_buy 100 food |
| 25:04 | m3rcutio · first_market_sell 100 wood |
| 32:29 | m3rcutio · age_up imperial |
| 34:47 | _relyt_ · first_building Siege Workshop |
| 35:20 | _relyt_ · age_up imperial |
| 39:44 | _relyt_ · first_building Archery Range |
| 45:06 | m3rcutio · resign |
[ ANÁLISIS IA · 1 CRÉDITO ]
¿Qué pasó realmente en esta partida?
Wolo.gg analiza cada decisión: build order, eco, micro, errores típicos por bracket. Análisis personalizado por WhatsApp o Discord en 30 segundos.
Guía civ
Bohemios
Perfil
Jugador #25352852